Map: Rainfall LE

Players

LarvaBuff - Winner!

  • Race: Protoss Protoss
  • League: Master
  • Spawn Location: 11:00

Aicy

  • Race: Zerg Zerg
  • League: Master
  • Spawn Location: 5:00

VOD

Have the link to the VOD?

Description

Time

  • Played on: July 6, 2026, 2:39 p.m.
  • Length: 9:24
Show
View Real Time Build Order
Export as new Build Order

LarvaBuff Protoss - Winner!

Build Orders: Phoenix Opening, Zealot Archon, Archon Drop 

Get SALT Encoding   

  8  0:00  Probe (Chrono Boost)  
  10  0:15  Probe (Chrono Boost)  
  10  0:19  Probe (Chrono Boost)  
  11  0:30  Probe  
  11  0:34  Pylon  
  12  0:42  Probe  
  13  0:54  Probe (Chrono Boost)  
  14  0:57  Gateway  
  14  1:06  Probe (Chrono Boost)  
  14  1:08  Assimilator  
  15  1:14  Probe (Chrono Boost)  
  16  1:20  Probe  
  17  1:32  Probe  
  18  1:44  Probe  
  19  1:51  Nexus  
  19  2:01  Cybernetics Core  
  19  2:04  Probe  
  20  2:11  Pylon  
  20  2:16  Probe  
  20  2:19  Assimilator  
  21  2:29  Probe (Chrono Boost)  
  22  2:39  Stalker  
  22  2:40  Probe (Chrono Boost)  
  22  2:42  Warp Gate  
  25  2:44  Probe (Chrono Boost)  
  26  2:55  Probe (Chrono Boost)  
  27  3:04  Probe (Chrono Boost)  
  27  3:05  Phoenix  
  28  3:06  Sentry  
  31  3:13  Probe (Chrono Boost)  
  31  3:15  Probe (Chrono Boost)  
  31  3:18  Twilight Council  
  33  3:20  Probe x2 (Chrono Boost)  
  34  3:30  Probe  
  34  3:31  Probe  
  36  3:42  Robotics Facility, Probe  
  36  3:44  Probe  
  38  3:53  Assimilator, Pylon  
  38  3:54  Probe  
  39  3:56  Probe  
  40  4:05  Dark Shrine  
  40  4:06  Probe  
  40  4:08  Probe  
  42  4:11  Gateway  
  42  4:14  Gateway  
  42  4:18  Probe  
  42  4:19  Gateway  
  42  4:20  Probe  
  42  4:24  Assimilator  
  44  4:29  Warp Prism (Chrono Boost)  
  44  4:31  Probe  
  47  4:36  Pylon  
  47  4:37  Probe  
  48  4:43  Probe  
  48  4:45  Pylon  
  49  4:48  Pylon  
  49  4:49  Probe  
  50  4:55  Probe  
  50  4:56  Observer (Chrono Boost)  
  52  5:01  Probe  
  53  5:07  Probe  
  53  5:13  Probe  
  55  5:19  Probe  
  56  5:22  Dark Templar x4  
  56  5:27  Forge  
  64  5:29  Pylon  
  62  5:55  Probe x2, Charge  
  62  5:56  Nexus  
  64  5:57  Immortal (Chrono Boost)  
  64  5:59  Pylon  
  68  6:05  Shield Battery, Archon  
  68  6:06  Archon  
  68  6:07  Zealot x3, Protoss Ground Weapons Level 1 (Chrono Boost)  
  74  6:13  Probe  
  76  6:20  Shield Battery x2  
  75  6:26  Immortal (Chrono Boost)  
  75  6:31  Sentry x3  
  85  6:46  Gateway  
  85  6:49  Gateway  
  85  6:51  Gateway  
  85  6:53  Sentry  
  87  6:58  Warp Prism (Chrono Boost)  
  89  7:02  Gateway  
  89  7:05  Pylon  
  89  7:07  Pylon  
  89  7:11  Sentry x2  
  89  7:12  Sentry  
  95  7:21  Gateway  
  95  7:23  Gateway  
  95  7:31  Immortal (Chrono Boost)  
  99  7:42  Zealot x4  
  107  7:47  Pylon  
  107  7:48  Pylon  
  107  7:55  Adept  
  109  8:06  Dark Templar x2  
  109  8:07  Sentry  
  109  8:08  Sentry, Zealot x2  
  109  8:11  Archon  
  117  8:27  Zealot x4  
  125  8:40  Zealot x4  
  131  8:41  Zealot  
  131  8:42  Zealot  
  131  8:45  Probe x2  
  131  8:46  Probe  
  129  8:59  Zealot x4  
  125  9:05  Zealot x4  
  121  9:17  Zealot x2  
Show
View Real Time Build Order
Export as new Build Order

Aicy Zerg 

Build Orders: Hatch First 

Get SALT Encoding   

  8  0:02  Drone  
  9  0:11  Drone  
  10  0:16  Drone  
  11  0:22  Drone  
  12  0:32  Overlord  
  12  0:39  Extractor, Drone  
  13  0:50  Drone  
  13  0:52  Drone  
  15  1:02  Drone  
  16  1:14  Hatchery  
  16  1:18  Drone  
  16  1:23  Drone  
  17  1:35  Spawning Pool  
  17  1:38  Drone  
  17  1:43  Drone  
  17  1:46  Extractor  
  17  1:51  Drone  
  18  2:01  Drone  
  19  2:21  Zergling x2  
  20  2:25  Queen x2  
  24  2:35  Overlord  
  24  2:38  Extractor, Drone  
  25  2:47  Metabolic Boost  
  25  2:51  Overlord  
  25  2:53  Drone x3  
  25  2:54  Drone  
  29  2:58  Drone  
  29  3:05  Drone  
  31  3:13  Overlord  
  31  3:17  Drone x2  
  33  3:26  Drone  
  34  3:31  Hatchery  
  34  3:34  Overlord  
  33  3:38  Zergling x2  
  33  3:39  Zergling x4  
  36  3:43  Drone x2  
  36  3:47  Drone  
  39  3:54  Drone  
  40  4:00  Roach Warren  
  38  4:03  Drone x2  
  38  4:07  Overlord  
  38  4:08  Drone  
  41  4:10  Queen  
  41  4:13  Drone  
  41  4:15  Drone  
  45  4:18  Drone x2  
  45  4:23  Drone  
  48  4:26  Extractor  
  48  4:28  Drone x2  
  48  4:31  Overlord  
  49  4:40  Drone, Queen  
  49  4:43  Extractor  
  49  4:44  Drone x3  
  54  4:46  Drone, Extractor  
  54  4:49  Roach x2  
  54  4:51  Roach  
  60  4:58  Zergling x2  
  61  5:04  Roach x2  
  67  5:10  Ravager  
  68  5:14  Overlord  
  68  5:15  Overlord x2  
  68  5:17  Ravager x2  
  68  5:28  Lair  
  68  5:33  Overlord x2  
  68  5:34  Drone x8  
  76  5:37  Spore Crawler  
  76  5:40  Spore Crawler  
  72  5:49  Drone x5  
  66  6:02  Spore Crawler  
  66  6:03  Drone x4  
  75  6:11  Drone x6  
  75  6:15  Drone  
  75  6:20  Evolution Chamber  
  75  6:23  Overlord  
  74  6:27  Queen, Glial Reconstitution  
  74  6:31  Baneling Nest  
  74  6:32  Drone x4  
  79  6:34  Drone  
  80  6:40  Drone x5  
  85  6:48  Overlord x2  
  85  6:50  Infestation Pit  
  85  6:51  Zerg Missile Weapons Level 1, Drone  
  85  6:52  Drone  
  86  6:56  Drone x3  
  89  7:01  Extractor  
  89  7:02  Extractor, Drone x2  
  89  7:05  Queen  
  91  7:10  Overlord x2  
  91  7:13  Roach x3, Zergling x2  
  98  7:17  Drone  
  98  7:22  Hatchery  
  98  7:23  Overseer  
  98  7:26  Zergling x4  
  100  7:36  Roach x6  
  111  7:39  Roach x3  
  111  7:41  Roach  
  119  7:49  Overlord x2  
  119  7:57  Ravager x4  
  119  7:58  Roach x3  
  128  8:16  Roach x8  
  144  8:21  Overlord  
  148  8:27  Roach x2  
  148  8:32  Overlord  
  148  8:33  Overlord x2  
  148  8:41  Roach x6  
  148  8:47  Ravager  
  148  8:48  Ravager  
  138  8:54  Roach x8  
  145  9:00  Roach x2  
Tags
 
Add a new tag
Caveats
  • Supply blocks, unpowered buildings, or Contaminate may cause inaccurate times.
  • Supply counts are checked every 10 seconds.